[ AOE2 MATCH · #506816895 ]
UnrankedTeutons vs Teutons
Player's team · WIN
Rival team · LOSS
[ REPLAY ANALYSIS · EXTRACTED FROM THE RECORDED GAME ]
Feudal
9:17
Castle
24:29
Imperial
—
| APM avg | 28.1 |
| APM peak | 56 |
| eAPM avg | 18.3 |
| Villagers / military | 82 / 29 |
Focus
⚔️ 33.3% · 🌾 66.7%
Archer ×14 · Spearman ×14 · Monk ×1
Feudal
8:51
Castle
22:41
Imperial
—
| APM avg | 48.5 |
| APM peak | 90 |
| eAPM avg | 25.6 |
| Villagers / military | 108 / 18 |
Focus
⚔️ 23.6% · 🌾 76.4%
Knight ×12 · Battering Ram ×4 · Mangonel ×2
Match map
Initial resources + every placement click. Lines = walls · curves = elevation contours. ◆ gold · ⬟ stone · ● berries · ✦ relic · ◌ wall gap
Your base· ✓ Closed at 24:29 · 4t walls · 3 gate(s)
kuanhsieubt's base· ✓ Closed at 22:41 · 22t walls · 3 gate(s)
Smoothed initial terrain · ◌ = detected wall gap · hover for details
Inputs per minute
— moneymickey - - kuanhsieubt
Build order — moneymickey
First 150 of 208 actions detected
| 0:01 | Queue | Villager (Male) |
| 0:01 | Queue | Villager (Male) |
| 0:01 | Queue | Villager (Male) |
| 0:03 | Build | House |
| 0:04 | Build | House |
| 0:54 | Queue | Villager (Male) |
| 1:27 | Queue | Villager (Male) |
| 1:48 | Build | Lumber Camp |
| 1:59 | Queue | Villager (Male) |
| 2:27 | Queue | Villager (Male) |
| 2:57 | Queue | Villager (Male) |
| 3:18 | Queue | Villager (Male) |
| 3:44 | Queue | Villager (Male) |
| 3:52 | Build | House |
| 4:08 | Queue | Villager (Male) |
| 4:26 | Queue | Villager (Male) |
| 4:32 | Build | House |
| 4:34 | Build | Mill |
| 4:46 | Queue | Villager (Male) |
| 5:15 | Queue | Villager (Male) |
| 5:25 | Queue | Villager (Male) |
| 5:57 | Queue | Villager (Male) |
| 6:08 | Queue | Villager (Male) |
| 6:08 | Research | Loom |
| 6:51 | Build | Mining Camp |
| 7:05 | Research | Feudal Age |
| 8:21 | Build | House |
| 8:25 | Queue | Villager (Male) |
| 8:48 | Queue | Villager (Male) |
| 9:02 | Build | Barracks |
| 9:02 | Queue | Villager (Male) |
| 9:17 | Age | Feudal Age |
| 9:21 | Build | Watch Tower |
| 9:22 | Queue | Spearman |
| 9:24 | Queue | Villager (Male) |
| 9:41 | Build | Stone Wall |
| 9:49 | Queue | Villager (Male) |
| 10:16 | Queue | Villager (Male) |
| 10:18 | Build | House |
| 10:31 | Build | Blacksmith |
| 10:45 | Build | Outpost |
| 10:52 | Research | Town Watch |
| 10:52 | Queue | Villager (Male) |
| 11:05 | Build | Outpost |
| 11:08 | Queue | Villager (Male) |
| 11:45 | Build | Outpost |
| 11:51 | Build | Farm |
| 11:52 | Queue | Villager (Male) |
| 12:05 | Build | Watch Tower |
| 12:13 | Queue | Villager (Male) |
| 12:18 | Build | House |
| 12:29 | Queue | Villager (Male) |
| 12:31 | Build | Farm |
| 13:12 | Build | House |
| 13:12 | Queue | Villager (Male) |
| 13:15 | Build | Mining Camp |
| 13:36 | Queue | Villager (Male) |
| 13:53 | Build | Watch Tower |
| 13:56 | Build | Stone Wall |
| 13:58 | Build | Stone Wall |
| 14:02 | Build | Stone Wall |
| 14:40 | Queue | Villager (Male) |
| 14:41 | Queue | Villager (Male) |
| 14:43 | Build | Farm |
| 14:44 | Build | Farm |
| 14:45 | Build | Farm |
| 15:08 | Queue | Villager (Male) |
| 15:12 | Build | Farm |
| 15:14 | Build | Farm |
| 15:27 | Build | House |
| 15:30 | Queue | Villager (Male) |
| 15:43 | Build | Archery Range |
| 15:56 | Build | Farm |
| 15:57 | Queue | Villager (Male) |
| 16:05 | Queue | Villager (Male) |
| 16:27 | Build | Watch Tower |
| 16:28 | Queue | Villager (Male) |
| 16:34 | Queue | Villager (Male) |
| 16:40 | Queue | Archer |
| 16:46 | Research | Fletching |
| 16:51 | Build | Farm |
| 16:53 | Queue | Villager (Male) |
| 16:56 | Queue | Archer |
| 17:08 | Queue | Villager (Male) |
| 17:15 | Build | Farm |
| 17:23 | Queue | Villager (Male) |
| 17:36 | Queue | Archer |
| 17:40 | Queue | Villager (Male) |
| 17:45 | Research | Double-Bit Axe |
| 17:47 | Build | House |
| 17:51 | Build | House |
| 17:58 | Queue | Archer |
| 18:00 | Queue | Villager (Male) |
| 18:21 | Queue | Archer |
| 18:29 | Research | Horse Collar |
| 18:32 | Queue | Villager (Male) |
| 18:42 | Queue | Villager (Male) |
| 18:55 | Build | Watch Tower |
| 19:06 | Build | Watch Tower |
| 19:14 | Queue | Villager (Male) |
| 19:21 | Build | Farm |
| 19:22 | Queue | Villager (Male) |
| 19:27 | Queue | Archer |
| 19:32 | Queue | Villager (Male) |
| 19:40 | Build | Farm |
| 19:59 | Queue | Archer |
| 20:01 | Queue | Villager (Male) |
| 20:18 | Build | Watch Tower |
| 20:27 | Queue | Villager (Male) |
| 20:37 | Build | Market |
| 20:45 | Queue | Villager (Male) |
| 20:50 | Queue | Archer |
| 20:50 | Queue | Archer |
| 20:56 | Queue | Villager (Male) |
| 20:59 | Build | House |
| 21:49 | Research | Castle Age |
| 22:03 | Queue | Archer |
| 22:13 | Queue | Villager (Male) |
| 22:20 | Build | Lumber Camp |
| 22:24 | Build | Farm |
| 22:25 | Build | Farm |
| 22:26 | Build | Farm |
| 22:31 | Research | Stone Mining |
| 22:46 | Build | Farm |
| 22:55 | Queue | Archer |
| 22:57 | Queue | Villager (Male) |
| 23:03 | Research | Gold Mining |
| 23:07 | Build | House |
| 23:08 | Build | House |
| 23:19 | Queue | Archer |
| 23:19 | Queue | Archer |
| 23:26 | Queue | Villager (Male) |
| 23:55 | Queue | Archer |
| 24:08 | Queue | Villager (Male) |
| 24:18 | Queue | Villager (Male) |
| 24:29 | Age | Castle Age |
| 24:33 | Research | Bodkin Arrow |
| 24:43 | Build | University |
| 24:45 | Queue | Villager (Male) |
| 24:53 | Queue | Villager (Male) |
| 24:53 | Queue | Villager (Male) |
| 25:04 | Queue | Spearman |
| 25:04 | Queue | Spearman |
| 25:20 | Research | Guard Tower (upgrade) |
| 25:35 | Build | Stone Wall |
| 25:38 | Build | Stone Wall |
| 25:48 | Queue | Villager (Male) |
| 25:48 | Queue | Villager (Male) |
| 26:03 | Queue | Spearman |
| 26:16 | Research | Crossbowman (upgrade) |
Build order — kuanhsieubt
First 150 of 201 actions detected
| 0:00 | Queue | Villager (Male) |
| 0:01 | Queue | Villager (Male) |
| 0:02 | Build | House |
| 0:03 | Build | House |
| 0:07 | Queue | Villager (Male) |
| 0:08 | Queue | Villager (Male) |
| 1:23 | Queue | Villager (Male) |
| 2:00 | Queue | Villager (Male) |
| 2:21 | Queue | Villager (Male) |
| 2:36 | Build | Lumber Camp |
| 2:40 | Queue | Villager (Male) |
| 2:40 | Queue | Villager (Male) |
| 3:03 | Queue | Villager (Male) |
| 3:03 | Queue | Villager (Male) |
| 3:32 | Build | House |
| 3:40 | Queue | Villager (Male) |
| 4:25 | Queue | Villager (Male) |
| 4:52 | Queue | Villager (Male) |
| 4:55 | Queue | Villager (Male) |
| 5:05 | Build | Mill |
| 5:34 | Queue | Villager (Male) |
| 6:05 | Research | Loom |
| 6:05 | Research | Loom |
| 6:39 | Research | Feudal Age |
| 6:59 | Build | House |
| 7:28 | Queue | Villager (Male) |
| 7:42 | Queue | Villager (Male) |
| 8:03 | Queue | Villager (Male) |
| 8:18 | Queue | Villager (Male) |
| 8:23 | Queue | Villager (Male) |
| 8:29 | Queue | Villager (Male) |
| 8:51 | Age | Feudal Age |
| 8:53 | Queue | Villager (Male) |
| 9:01 | Build | Market |
| 9:02 | Build | Blacksmith |
| 9:03 | Queue | Villager (Male) |
| 9:06 | Queue | Villager (Male) |
| 9:25 | Build | House |
| 9:26 | Build | House |
| 9:29 | Queue | Villager (Male) |
| 9:38 | Queue | Villager (Male) |
| 9:42 | Build | Blacksmith |
| 9:47 | Build | Stone Wall |
| 9:51 | Build | Stone Wall |
| 9:56 | Build | Mining Camp |
| 10:04 | Queue | Villager (Male) |
| 10:20 | Queue | Villager (Male) |
| 10:20 | Queue | Villager (Male) |
| 10:20 | Queue | Villager (Male) |
| 10:21 | Queue | Villager (Male) |
| 10:22 | Queue | Villager (Male) |
| 10:22 | Queue | Villager (Male) |
| 10:39 | Research | Fletching |
| 10:42 | Queue | Villager (Male) |
| 10:42 | Queue | Villager (Male) |
| 10:43 | Queue | Villager (Male) |
| 10:43 | Queue | Villager (Male) |
| 10:49 | Queue | Villager (Male) |
| 10:50 | Queue | Villager (Male) |
| 10:53 | Queue | Villager (Male) |
| 10:57 | Build | Watch Tower |
| 11:12 | Build | Gate |
| 11:21 | Queue | Villager (Male) |
| 11:58 | Queue | Villager (Male) |
| 12:09 | Build | Watch Tower |
| 12:16 | Queue | Villager (Male) |
| 12:27 | Build | Stone Wall |
| 12:42 | Queue | Villager (Male) |
| 12:57 | Queue | Villager (Male) |
| 12:58 | Queue | Villager (Male) |
| 13:30 | Queue | Villager (Male) |
| 13:45 | Queue | Villager (Male) |
| 13:45 | Queue | Villager (Male) |
| 13:49 | Queue | Villager (Male) |
| 14:23 | Build | Palisade Wall |
| 14:38 | Build | Stone Wall |
| 14:46 | Queue | Villager (Male) |
| 14:46 | Queue | Villager (Male) |
| 14:47 | Queue | Villager (Male) |
| 14:49 | Build | Farm |
| 14:51 | Build | Farm |
| 14:51 | Build | Farm |
| 14:52 | Build | Farm |
| 14:53 | Build | Farm |
| 14:54 | Build | Farm |
| 14:55 | Build | Farm |
| 14:56 | Build | Farm |
| 14:56 | Queue | Villager (Male) |
| 15:31 | Build | Farm |
| 15:33 | Queue | Villager (Male) |
| 15:43 | Build | Stone Wall |
| 16:02 | Queue | Villager (Male) |
| 16:19 | Build | Farm |
| 16:19 | Queue | Villager (Male) |
| 16:38 | Queue | Villager (Male) |
| 16:38 | Queue | Villager (Male) |
| 16:38 | Queue | Villager (Male) |
| 16:39 | Queue | Villager (Male) |
| 16:39 | Queue | Villager (Male) |
| 16:47 | Queue | Villager (Male) |
| 16:47 | Queue | Villager (Male) |
| 16:48 | Queue | Villager (Male) |
| 16:48 | Queue | Villager (Male) |
| 16:49 | Queue | Villager (Male) |
| 16:52 | Build | Mining Camp |
| 16:53 | Queue | Villager (Male) |
| 17:08 | Queue | Villager (Male) |
| 17:22 | Queue | Villager (Male) |
| 17:32 | Build | Gate |
| 17:38 | Build | Stone Wall |
| 17:39 | Queue | Villager (Male) |
| 17:39 | Queue | Villager (Male) |
| 17:42 | Build | House |
| 17:42 | Build | House |
| 17:48 | Research | Double-Bit Axe |
| 17:51 | Queue | Villager (Male) |
| 17:58 | Build | Farm |
| 18:07 | Queue | Villager (Male) |
| 18:14 | Queue | Villager (Male) |
| 18:20 | Build | Farm |
| 18:22 | Build | Farm |
| 18:26 | Build | Farm |
| 18:53 | Research | Horse Collar |
| 18:53 | Research | Horse Collar |
| 19:08 | Build | Farm |
| 19:31 | Queue | Villager (Male) |
| 20:01 | Research | Castle Age |
| 20:32 | Build | Barracks |
| 20:58 | Research | Scale Barding Armor |
| 21:34 | Build | House |
| 21:34 | Build | House |
| 21:57 | Build | Lumber Camp |
| 22:11 | Build | Stable |
| 22:41 | Age | Castle Age |
| 22:45 | Queue | Villager (Male) |
| 22:49 | Build | Siege Workshop |
| 22:50 | Queue | Villager (Male) |
| 22:55 | Research | Chain Barding Armor |
| 22:56 | Queue | Villager (Male) |
| 22:59 | Queue | Villager (Male) |
| 23:01 | Queue | Villager (Male) |
| 23:10 | Queue | Knight |
| 23:14 | Queue | Villager (Male) |
| 23:15 | Queue | Villager (Male) |
| 23:37 | Queue | Battering Ram |
| 23:40 | Queue | Knight |
| 23:41 | Queue | Knight |
| 23:43 | Queue | Villager (Male) |
| 23:43 | Queue | Villager (Male) |
| 23:44 | Queue | Villager (Male) |
Match timeline
| 8:51 | kuanhsieubt · age_up feudal |
| 9:02 | moneymickey · first_building Barracks |
| 9:17 | moneymickey · age_up feudal |
| 9:41 | moneymickey · wall_segment Stone Wall x1 |
| 9:47 | kuanhsieubt · wall_segment Stone Wall x13 |
| 9:51 | kuanhsieubt · wall_segment Stone Wall x6 |
| 12:27 | kuanhsieubt · wall_segment Stone Wall x1 |
| 13:56 | moneymickey · wall_segment Stone Wall x1 |
| 13:58 | moneymickey · wall_segment Stone Wall x1 |
| 14:02 | moneymickey · wall_segment Stone Wall x1 |
| 14:23 | kuanhsieubt · wall_segment Palisade Wall x1 |
| 14:38 | kuanhsieubt · wall_segment Stone Wall x1 |
| 15:43 | kuanhsieubt · wall_segment Stone Wall x2 |
| 15:43 | moneymickey · first_building Archery Range |
| 17:38 | kuanhsieubt · wall_segment Stone Wall x1 |
| 19:19 | kuanhsieubt · first_market_sell 100 wood |
| 19:23 | kuanhsieubt · first_market_buy 100 food |
| 20:32 | kuanhsieubt · first_building Barracks |
| 22:11 | kuanhsieubt · first_building Stable |
| 22:41 | kuanhsieubt · age_up castle |
| 22:49 | kuanhsieubt · first_building Siege Workshop |
| 24:29 | moneymickey · age_up castle |
| 25:35 | moneymickey · wall_segment Stone Wall x1 |
| 25:38 | moneymickey · wall_segment Stone Wall x1 |
| 27:59 | moneymickey · first_market_buy 100 food |
| 28:37 | moneymickey · first_building Monastery |
| 28:59 | moneymickey · wall_segment Stone Wall x1 |
| 28:59 | moneymickey · wall_segment Stone Wall x1 |
| 29:21 | moneymickey · first_building Castle |
| 29:39 | moneymickey · wall_segment Stone Wall x1 |
| 29:41 | moneymickey · wall_segment Stone Wall x1 |
| 30:25 | kuanhsieubt · first_building Castle |
| 31:28 | kuanhsieubt · resign |
[ AI ANALYSIS · 1 CREDIT ]
What really happened in this match?
Wolo.gg analyzes every decision: build order, eco, micro, common mistakes by bracket. Personalized analysis on WhatsApp or Discord in 30 seconds.
Civ guide
Teutons
Perfil
Jugador #488095